 Seeded DCSS version 0.30-a0-956-gcec3b41aec (webtiles) character file.

Game seed: 20230327 (custom seed)

1166 Juicyj the Shield-Bearer (level 8, -2/71 HPs)
             Began as a Minotaur Fighter on Mar 29, 2023.
             Slain by Pikel
             ... wielding a +0 whip of electrocution
              (4 damage)
             ... on level 4 of the Dungeon.
             The game lasted 00:05:38 (2992 turns).

Juicyj the Shield-Bearer (Minotaur Fighter)         Turns: 2992, Time: 00:05:38

Health: -2/71      AC: 28    Str: 22    XL:     8   Next: 17%
Magic:  7/7        EV:  7    Int:  5    God:
Gold:   140        SH:  5    Dex: 11    Spells: 7/7 levels left

rFire   . . .      SeeInvis .    a - +0 flail
rCold   . . .      Faith    .    c - +0 buckler
rNeg    . . .      Spirit   .    w - +18 Lear's hauberk
rPois   .          Reflect  .    (helmet currently unavailable)
rElec   .          Rampage  .    (no cloak)
rCorr   .                        (gloves currently unavailable)
Will    .....                    (boots currently unavailable) Stlth
                                 (no amulet)
HPRegen 0.31/turn                (no ring)
MPRegen 0.10/turn                (no ring)

@: no status effects
A: horns 2, retaliatory headbutt
a: no special abilities


You were on level 4 of the Dungeon.
You visited 1 branch of the dungeon, and saw 4 of its levels.
You also visited: Ossuary.

You collected 140 gold pieces.

Inventory:

Hand Weapons
 a - a +0 flail (weapon)
Missiles
 n - 4 javelins (quivered)
Armour
 b - a +0 scale mail
 c - a +0 buckler (worn)
 w - the +18 Lear's hauberk (worn)
   (You found it on level 4 of the Dungeon)
Jewellery
 j - a ring of fire
Scrolls
 f - 9 scrolls of identify {unknown}
 h - 4 scrolls of enchant armour {unknown}
 k - 3 scrolls of immolation {unknown}
 l - 2 scrolls of blinking {unknown}
 q - a scroll of fog {unknown}
 r - 4 scrolls of magic mapping {unknown}
 s - 2 scrolls of poison {unknown}
 v - a scroll of torment {unknown}
 y - a scroll of brand weapon {unknown}
 B - a scroll of amnesia {unknown}
Potions
 d - a potion of might
 e - 5 potions of curing {unknown}
 g - a potion of invisibility {unknown}
 i - 4 potions of degeneration {unknown}
 m - 2 potions of flight {unknown}
 o - 3 potions of brilliance {unknown}
 p - 2 potions of lignification {unknown}
 t - 3 potions of heal wounds {unknown}
 u - a potion of berserk rage {unknown}
 x - a potion of cancellation {unknown}
 z - 2 potions of haste {unknown}
 A - a potion of resistance {unknown}


   Skills:
 + Level 6.3 Fighting
 + Level 5.7 Maces & Flails
 + Level 4.0 Throwing
 + Level 6.3 Armour
 + Level 6.3 Shields


You had 7 spell levels left.
You didn't know any spells.
Your spell library contained the following spells:

 Spells                   Type           Power      Damage    Failure   Level
 Sting                    Tmut/Pois      0%         1d3       99%         1
 Poisonous Vapours        Pois/Air       0%         N/A       100%        2
 Olgreb's Toxic Radiance  Pois           0%         N/A       100%        4
 Borgnjor's Revivificati  Necr           0%         N/A       100%        8
 Necromutation            Tmut/Necr      0%         N/A       100%        8
 Death's Door             Necr           0%         N/A       100%        9


Dungeon Overview and Level Annotations

Branches:
Dungeon (4/15)            Ossuary (visited)
 Temple: D:4-7

Altars:
Elyvilon

Shops:
D:1 *=:*=

Annotations:
D:4 Pikel


Innate Abilities, Weirdness & Mutations

You have a pair of horns on your head.
You reflexively headbutt those who attack you in melee.


Message History

You hit Pikel.
Pikel is lightly wounded.
Pikel hits you but does no damage.
You are electrocuted!
* * * LOW HITPOINT WARNING * * *
The lemure barely misses you. You furiously retaliate!
You headbutt the lemure. You sock Pikel! Your headbutt misses Pikel.
Pikel is heavily wounded.
The lemure barely misses you. You furiously retaliate!
You headbutt the lemure! Pikel hits you but does no damage.
You closely miss Pikel. Your headbutt misses Pikel.
Pikel is heavily wounded.
Pikel barely misses you.
An orc comes into view. It is wielding a +0 hand axe.
The lemure hits you!
* * * LOW HITPOINT WARNING * * *
The orc shouts!
You hit Pikel. You headbutt Pikel.
Pikel is heavily wounded.
Pikel hits you with a +0 whip of electrocution.
* * * LOW HITPOINT WARNING * * *
You block the lemure's attack.
You sock Pikel!
Pikel is severely wounded.
The lemure hits you but does no damage.
Pikel hits you with a +0 whip of electrocution.
* * * LOW HITPOINT WARNING * * *
You hit Pikel but do no damage. Your headbutt misses Pikel.
Pikel is severely wounded.
You block Pikel's attack.
The orc throws a stone.
You block the stone. The lemure hits you but does no damage.
You block the lemure's attack. Pikel barely misses you.
You furiously retaliate!
You headbutt Pikel.
The orc throws a stone.
The stone hits you but does no damage.
You closely miss Pikel.
Pikel is almost dead.
You block Pikel's attack. The lemure hits you but does no damage.
You closely miss Pikel. Your headbutt misses Pikel.
Pikel is almost dead.
The orc throws a stone.
The stone barely misses you.
Pikel hits you with a +0 whip of electrocution.
You die...

#........##.....#.#.......<..
#........##.....#......#....#
#.........#†....#...#.......#
#.........#.....#.#.#..#..#.#
#...............#......#..#.#
#........#......######.#....#
..........##.....# #.##.###
..........###.####### #. ...
..######## #@...o... ..#
#5K#####.. ... #5## #5 #. #.
#. #.


You could see Pikel, 3 lemures and an orc.

Vanquished Creatures
  Duvessa (D:4)
  2 wyvern zombies (Ossuary)
  A scorpion (D:4)
  Dowan (D:4)
  7 bullfrog zombies (Ossuary)
  5 centaur zombies (Ossuary)
  Natasha (D:4)
  3 killer bee zombies (Ossuary)
  13 mummies
  6 howler monkey zombies (Ossuary)
  3 adders
  A worm (D:2)
  2 dart slugs
  4 ball pythons
  6 bats
  4 endoplasms
  5 giant cockroaches
  9 goblins
  6 hobgoblins
  2 jackals (D:2)
  A quokka (D:1)
  3 frilled lizards
  6 kobolds
  4 rats
96 creatures vanquished.

Vanquished Creatures (others)
  5 withered plants (Ossuary)
5 creatures vanquished.

Grand Total: 101 creatures vanquished

Notes
Turn   | Place    | Note
-------+----------+-------------------------------------------
     0 | D:1      | Juicyj the Minotaur Fighter began the quest for the Orb.
     0 | D:1      | Reached XP level 1. HP: 19/19 MP: 0/0
     4 | D:1      | Found Xoclunid's Book Emporium.
    30 | D:1      | Found Aqium's General Store.
   111 | D:1      | Found Wostryiz's General Store.
   166 | D:1      | Reached XP level 2. HP: 27/27 MP: 1/1
   190 | D:1      | Found a faded altar of an unknown god.
   283 | D:1      | Found Muif's Jewellery Shop.
   555 | D:1      | Found Uvvotic's Jewellery Boutique.
   573 | D:1      | Reached XP level 3. HP: 32/33 MP: 2/2
   601 | D:1      | Reached skill level 1 in Throwing
   976 | D:2      | Found a white marble altar of Elyvilon.
  1813 | D:3      | Reached XP level 4. HP: 40/40 MP: 3/3
  2127 | D:4      | Found the +18 Lear's hauberk
  2157 | D:4      | Found a sand-covered staircase.
  2165 | Ossuary  | Entered an ossuary
  2193 | Ossuary  | Reached XP level 5. HP: 25/47 MP: 4/4
  2274 | Ossuary  | Reached XP level 6. HP: 55/55 MP: 5/5
  2293 | Ossuary  | Reached skill level 5 in Fighting
  2294 | Ossuary  | Reached skill level 5 in Armour
  2294 | Ossuary  | Reached skill level 5 in Shields
  2390 | Ossuary  | Reached XP level 7. HP: 52/61 MP: 6/6
  2518 | Ossuary  | Reached skill level 5 in Maces & Flails
  2656 | D:4      | Noticed Duvessa
  2656 | D:4      | Noticed Dowan
  2667 | D:4      | Killed Duvessa
  2668 | D:4      | Reached XP level 8. HP: 69/70 MP: 7/7
  2676 | D:4      | Killed Dowan
  2917 | D:4      | Noticed Natasha
  2924 | D:4      | Killed Natasha
  2974 | D:4      | Noticed Pikel
  2988 | D:4      | HP: 2/71 [Pikel/+0 whip of electrocution (6)]
  2992 | D:4      | Slain by Pikel

Illustrated notes

Levels and vault maps discovered:
D:1:      doesnt_arrival_eight_statues, layout_basic, serial_shops,
          nicolae_shop_advertising_works [nicolae_subvault_shop_adworks], shop,
          nicolae_lakefront_shop, shop, shop,
          shapermc_ecumenical_altar_notcrosses
D:2:      minmay_spotlight, layout_basic, basic_altar
D:3:      layout_loops_cross, st_stairs_7
D:4:      layout_basic, nicolae_qazlal_style_of_elements,
          gup_ossuary_entry_pyramid, uniq_eustachio, uniq_natasha, uniq_pikel,
          uniq_duvessa

Skill      XL: |  1  2  3  4  5  6  7  8 |
---------------+-------------------------+-----
Armour         | 4 5 6 |  6.3
Fighting       | 4 5 6 |  6.3
Shields        | 4 5 6 |  6.3
Throwing       | 1 2 3 4 |  4.0
Maces & Flails | 3 4 5 |  5.7

Action                     |  1- 3 |  4- 6 |  7- 9 || total
---------------------------+-------+-------+-------++-------
  Melee: Flail             |   104 |   109 |   122 ||   335
         Headbutt          |    11 |    22 |    29 ||    62
 Armour: Scale mail        |    50 |     5 |       ||    55
         Chain mail        |       |    74 |   107 ||   181
  Dodge: Dodged            |    46 |    42 |    47 ||   135
  Block: Buckler           |    32 |    20 |    36 ||    88

Table legend: (Time is in decaauts)
 A = Elapsed time spent in this place.
 B = Non-inter-level travel time spent in this place.
 C = Inter-level travel time spent in this place.
 D = Time resting spent in this place.
 E = Time spent auto-exploring this place.
 F = Levels seen in this place.
 G = Mean time per level.
                   A        B        C        D        E       F      G
               +--------+--------+--------+--------+--------+-----+--------+
         Total |   3076 |   3038 |     38 |     67 |   2280 |   5 |  615.2 |
       Dungeon |   2568 |   2530 |     38 |      0 |   2115 |   4 |  642.0 |
       Ossuary |    507 |    507 |      0 |     67 |    165 |   1 |  507.0 |
               +--------+--------+--------+--------+--------+-----+--------+

Top non-repeatable levels by time:
     D:1: 879 daAuts
     D:2: 645 daAuts
     D:3: 635 daAuts
 Ossuary: 507 daAuts
     D:4: 408 daAuts
